AoeStats
← Juyhou

MegaRandom

510529609Analyzed
4v4 RM · 1d ago on Oct 1, 2026· 54m 44s· 8 players
Game mode
Random Map
Map size
Large (8 player)
Population
200
Speed
Normal
Resources
Standard
Victory
Conquest
Starting age
Dark Age
Ending age
Imperial Age
RankedLock teamsTeams togetherTeam positionsShared explorationLock speedFull tech treeHidden civsTurbo modeCheats
Victory
Defeat
🇫🇮 Varangians · Finland
2108
+7
🇫🇮 Varangians · Finland
2034
+10
🇫🇮 Danes · Finland
1856
+16
1697
+22
🇨🇳 Magyars · China
1915
-15
🇨🇳 Georgians · China
1914
-15
🇹🇷 Koreans · Türkiye
1857
-13
🇨🇳 Vikings · China
1841
-12
大铁牛
0:32 Loom
10:59 Feudal Age
19:09 Castle Age
17:28 Double-Bit Axe
18:44 Horse Collar
20:38 Bow Saw
21:48 Wheelbarrow
26:19 Town Watch
28:54 Ballistics
31:09 Imperial Age
28:53 Fletching
29:00 Gold Mining
29:44 Ballistics
29:20 Stone Mining
29:43 Heavy Plow
30:54 Gold Shaft Mining
30:47 Husbandry
31:25 Hand Cart
31:14 Bodkin Arrow
32:10 Bracer
33:25 Chemistry
33:27 Elite War Wagon
35:44 Conscription
36:38 Two-Man Saw
35:55 Thumb Ring
36:49 Masonry
37:36 Eupseong
38:09 Conscription
37:49 Arrowslits
38:35 Architecture
38:25 Fortified Wall
38:55 Murder Holes
42:15 Conscription
UX
0:33 Loom
11:16 Feudal Age
12:49 Town Watch
15:59 Castle Age
14:32 Double-Bit Axe
18:59 Fletching
20:08 Crossbowman
21:44 Bodkin Arrow
23:46 Padded Archer Armor
23:59 Bow Saw
25:21 Horse Collar
31:03 Imperial Age
30:34 Ballistics
31:11 Gold Mining
31:55 Bracer
33:40 Chemistry
34:33 Arbalester
36:27 Leather Archer Armor
37:10 Bogsveigar
38:15 Conscription
38:42 Ring Archer Armor
40:14 Gold Shaft Mining
39:30 Stone Mining
40:29 Capped Ram
44:12 Murder Holes
46:41 Masonry
49:47 Architecture
49:02 Siege Ram
51:44 Architecture
52:00 Coinage
52:55 Caravan
sadys
0:34 Loom
11:01 Feudal Age
15:59 Castle Age
15:55 Double-Bit Axe
15:52 Horse Collar
17:19 Wheelbarrow
17:43 Bow Saw
18:50 Heavy Plow
24:01 Hand Cart
26:22 Gold Mining
26:23 Stone Mining
30:33 Imperial Age
27:50 Town Watch
28:53 Caravan
29:26 Coinage
29:14 Treadmill Crane
30:35 Stone Shaft Mining
30:20 Scale Barding Armor
32:11 Banking
32:03 Chain Barding Armor
33:06 Conscription
32:53 Elite Monaspa
34:14 Bloodlines
34:05 Husbandry
34:41 Plate Barding Armor
34:17 Forging
34:40 Crop Rotation
35:17 Ballistics
35:37 Guilds
36:01 Svan Towers
36:40 Fletching
36:46 Guard Tower
37:42 Iron Casting
38:43 Keep
38:06 Bodkin Arrow
39:47 Blast Furnace
38:49 Bracer
39:39 Caravan
40:11 Masonry
39:50 Arrowslits
41:06 Chemistry
40:17 Masonry
41:14 Light Cavalry
45:29 Hussar
52:05 Architecture
53:02 Murder Holes
53:36 Siege Engineers
种田小武松
0:34 Loom
9:23 Feudal Age
10:49 Double-Bit Axe
22:57 Castle Age
20:48 Horse Collar
21:54 Bloodlines
23:50 Wheelbarrow
22:58 Light Cavalry
23:38 Husbandry
24:03 Bow Saw
25:11 Gold Mining
25:41 Scale Barding Armor
29:37 Chain Barding Armor
35:16 Imperial Age
33:28 Ballistics
34:06 Thumb Ring
35:16 Gold Shaft Mining
34:40 Fletching
34:51 Padded Archer Armor
35:28 Bodkin Arrow
35:38 Bodkin Arrow
36:30 Leather Archer Armor
37:19 Chemistry
35:42 Heavy Cavalry Archer
36:49 Parthian Tactics
37:46 Hand Cart
38:35 Two-Man Saw
37:27 Stone Mining
38:51 Conscription
39:13 Recurve Bow
40:51 Plate Barding Armor
40:20 Bracer
41:14 Ring Archer Armor
42:39 Plate Barding Armor
41:50 Hussar
45:11 Heavy Plow
45:28 Caravan
49:53 Coinage
50:21 Cavalier
51:57 Banking
53:59 Paladin
Juyhou
0:28 Loom
10:21 Feudal Age
14:39 Castle Age
13:04 Horse Collar
13:47 Double-Bit Axe
17:15 Bow Saw
19:28 Heavy Plow
21:14 Wheelbarrow
21:53 Gold Mining
23:24 Stone Mining
25:31 Gold Shaft Mining
28:57 Imperial Age
26:55 Scale Mail Armor
27:58 Chain Mail Armor
28:15 Forging
28:57 Squires
28:42 Arson
29:34 Hand Cart
30:13 Iron Casting
30:12 Conscription
30:40 Plate Mail Armor
32:02 Blast Furnace
30:54 Elite Jomsviking
32:36 Stone Shaft Mining
31:32 Hamask
34:05 Fletching
34:36 Ballistics
35:17 Chemistry
35:37 Caravan
37:40 Bodkin Arrow
37:57 Masonry
38:15 Town Watch
38:31 Bracer
39:09 Hoardings
43:06 Northmen's Fury
43:08 Onager
46:03 Siege Onager
50:02 Siege Engineers
49:53 Murder Holes
我一日三十分寝男
0:29 Loom
11:08 Feudal Age
15:18 Castle Age
13:51 Double-Bit Axe
16:42 Bow Saw
21:26 Horse Collar
22:37 Gold Mining
26:03 Wheelbarrow
25:41 Heavy Plow
26:27 Town Watch
27:54 Hand Cart
28:12 Stone Mining
32:52 Imperial Age
30:30 Fletching
30:53 Forging
31:49 Scale Barding Armor
32:54 Iron Casting
32:45 Husbandry
32:57 Bloodlines
33:04 Bodkin Arrow
33:59 Chain Barding Armor
34:02 Conscription
35:36 Blast Furnace
35:58 Plate Barding Armor
35:15 Elite Jarl
36:38 Ballistics
36:36 Bodkin Arrow
39:21 Light Cavalry
40:24 Caravan
42:25 Masonry
41:55 Treadmill Crane
43:58 Vendel Legacy
45:00 Bracer
44:59 Cavalier
47:58 Two-Man Saw
47:14 Hussar
47:39 Capped Ram
49:33 Architecture
50:04 Chemistry
52:38 Siege Engineers
52:29 Murder Holes
52:25 Guard Tower
52:48 Fortified Wall
53:15 Siege Ram
Villese
0:30 Loom
9:42 Feudal Age
10:16 Double-Bit Axe
10:33 Horse Collar
18:45 Castle Age
17:22 Bloodlines
17:21 Gold Mining
17:37 Fletching
18:20 Padded Archer Armor
19:39 Husbandry
19:30 Light Cavalry
20:50 Wheelbarrow
20:59 Bow Saw
21:20 Heavy Plow
24:37 Bodkin Arrow
25:03 Hand Cart
27:31 Town Watch
27:47 Stone Mining
31:39 Imperial Age
30:07 Ballistics
30:13 Leather Archer Armor
31:52 Heavy Mounted Crossbowman
32:56 Bracer
32:40 Cranequins
34:18 Ring Archer Armor
35:05 Two-Man Saw
35:26 Chemistry
35:01 Crop Rotation
35:35 Caravan
36:05 Coinage
35:46 Guilds
36:01 Conscription
37:28 Banking
38:52 Scale Barding Armor
38:19 Vendel Legacy
38:46 Cavalier
40:41 Chain Barding Armor
40:10 Capped Ram
40:57 Siege Engineers
40:33 Treadmill Crane
42:09 Plate Barding Armor
41:44 Forging
41:01 Siege Ram
44:49 Iron Casting
44:39 Gothikon
46:48 Blast Furnace
48:57 Guard Tower
49:18 Masonry
49:04 Murder Holes
51:38 Architecture
TheMax
0:32 Loom
9:20 Feudal Age
10:12 Double-Bit Axe
14:47 Wheelbarrow
18:44 Castle Age
17:39 Horse Collar
19:39 Bow Saw
19:31 Heavy Plow
19:52 Bow Saw
24:14 Hand Cart
24:36 Fletching
25:24 Town Watch
27:57 Gold Mining
32:38 Imperial Age
31:12 Bloodlines
31:02 Husbandry
30:23 Light Cavalry
31:35 Forging
33:03 Scale Barding Armor
34:17 Iron Casting
34:16 Crop Rotation
33:12 Hussar
34:59 Coinage
35:09 Chain Barding Armor
34:40 Capped Ram
36:32 Blast Furnace
35:54 Conscription
35:57 Town Patrol
36:31 Caravan
37:10 Banking
37:08 Fortified Wall
37:40 Plate Barding Armor
37:21 Siege Ram
40:29 Two-Man Saw
39:42 Fortified Wall
39:13 Treadmill Crane
40:51 Bodkin Arrow
41:17 Ballistics
40:53 Murder Holes
42:16 Guilds
42:15 Bracer
42:40 Stone Mining
42:59 Siege Engineers
43:04 Masonry
45:27 Masonry
49:12 Architecture
49:43 Chemistry
49:01 Elite Varangian Guard
49:42 Squires
49:27 Arson
49:29 Gambesons
49:45 Scale Mail Armor
52:02 Guard Tower
Connection lost

Rejoining the realm…

Still unreachable

The connection could not be restored.

Session expired

The server has moved on; the page needs a fresh start.